 Dungeon Crawl Stone Soup version 0.26.1-11-gd32895ea62 (webtiles) character file.

Game seed: 15943892390846775449

180 Descartes the Magician (level 5, -1/28 HPs)
             Began as a Deep Elf Hedge Wizard on Apr 19, 2021.
             Killed by nerve-wracking pain
             ... invoked by an orc priest
              (6 damage)
             ... on level 2 of the Dungeon.
             The game lasted 00:09:54 (4680 turns).

Descartes the Magician (Deep Elf Hedge Wizard)      Turns: 4680, Time: 00:09:55

Health: -1/28      AC:  6    Str:  7    XL:     5   Next: 33%
Magic:  2/15       EV: 10    Int: 20    God:
Gold:   137        SH:  7    Dex: 14    Spells: 14/15 levels left

rFire    . . .     SeeInvis .   d - +2 dagger (venom)
rCold    . . .     Faith    .   i - +0 kite shield
rNeg     . . .     Spirit   .   b - +0 robe
rPois    .         Reflect  .   c - +0 hat
rElec    .         Harm     .   (no cloak)
rCorr    .         Rampage  .   m - +2 pair of gloves
Will     .....     Rnd*Tele +   h - +0 pair of boots
Stlth    ++........             a - amulet of inaccuracy (curse)
HPRegen  0.09/turn              t - ring of teleportation (curse)
MPRegen  0.14/turn              (no ring)

@: very slightly contaminated
A: no striking features
a: no special abilities


You were on level 2 of the Dungeon.
You visited 1 branch of the dungeon, and saw 3 of its levels.

You collected 137 gold pieces.

Inventory:

Hand Weapons
 d - a +2 dagger of venom (weapon)
 e - a +2 short sword of holy wrath
Missiles
 f - 68 stones
 k - 59 sling bullets
 o - 23 bolts
 s - 7 boomerangs
Armour
 b - a +0 robe (worn)
 c - a +0 hat (worn)
 h - a +0 pair of boots (worn)
 i - a +0 kite shield (worn)
 m - a +2 pair of gloves (worn)
 p - a +0 leather armour
Jewellery
 a - a cursed amulet of inaccuracy (around neck)
 t - a cursed ring of teleportation (left hand)
Scrolls
 l - 2 scrolls of identify
 n - a scroll of enchant weapon
Potions
 g - a potion of brilliance
 j - a potion of heal wounds
 r - 2 potions of haste


   Skills:
 - Level 2.4 Dodging
 - Level 2.4 Stealth
 * Level 2.3 Shields
 + Level 5.9 Spellcasting
 + Level 3.2 Conjurations
 - Level 1.1 Summonings
 - Level 1.1 Translocations


You had 14 spell levels left.
You knew the following spells:

 Your Spells              Type           Power        Failure   Level
a - Magic Dart            Conj           76%          14%         1

Your spell library contained the following spells:

 Spells                   Type           Power        Failure   Level
 Blink                    Tloc           N/A          45%         2
 Call Imp                 Summ           10%          45%         2
 Slow                     Hex            5%           63%         2
 Conjure Flame            Conj/Fire      12%          63%         3
 Mephitic Cloud           Conj/Pois/Air  10%          71%         3


Dungeon Overview and Level Annotations

Branches:
Dungeon (3/15)

Altars:
Nemelex Xobeh


Message History

The orc priest is severely wounded.
The orc priest hits you but does no damage.
Casting: Magic Dart (safe; 14% risk of failure)
Confirm with . or Enter, or press ? or * to list all spells.
Aiming: Magic Dart (safe; 14% risk of failure)
Press: ? - help, Shift-Dir - straight line, f/p - orc priest
Aim: an orc priest, wearing a +0 leather armour (severely wounded, 0% to evade)
The magic dart hits the orc priest.
The orc priest is severely wounded.
You block the orc priest's attack.
Casting: Magic Dart (safe; 14% risk of failure)
Confirm with . or Enter, or press ? or * to list all spells.
Aiming: Magic Dart (safe; 14% risk of failure)
Press: ? - help, Shift-Dir - straight line, f/p - orc priest
Aim: an orc priest, wearing a +0 leather armour (severely wounded, 0% to evade)
The magic dart hits the orc priest.
The orc priest is severely wounded.
The orc priest calls down the wrath of Beogh upon you.
Pain shoots through your body!
You die...

## ###### ######.
#....##############......
#....#.o@...........####.
#......############## #.
#....### #...# #. #....#
#...# #. #....#
###..[######. ##.###
##............ #.#
####.......###### #.#
###.........## # #.#
##......##.).# ###


You could see an orc priest.

Vanquished Creatures
  An iguana (D:2)
  4 adders
  6 worms
  2 dart slugs
  4 leopard geckos
  6 orcs
  4 bats
  4 giant cockroaches
  8 goblins
  9 hobgoblins
  6 jackals
  11 kobolds
  3 quokkas
  4 frilled lizards
  14 rats
86 creatures vanquished.

Notes
Turn   | Place    | Note
-------+----------+-------------------------------------------
     0 | D:1      | Descartes the Deep Elf Hedge Wizard began the quest for the
                  | Orb.
     0 | D:1      | Reached XP level 1. HP: 10/10 MP: 7/7
   372 | D:1      | Reached XP level 2. HP: 15/15 MP: 5/9
   568 | D:1      | Reached skill level 5 in Spellcasting
   984 | D:1      | Reached XP level 3. HP: 19/19 MP: 0/11
  1847 | D:2      | Reached skill level 1 in Shields
  2403 | D:2      | Reached XP level 4. HP: 8/24 MP: 1/13
  3257 | D:3      | Found a sparkling altar of Nemelex Xobeh.
  3576 | D:3      | Reached XP level 5. HP: 28/28 MP: 11/15
  4680 | D:2      | Killed from afar by an orc priest

Illustrated notes

Levels and vault maps discovered:
D:1:      lemuel_arrival_funnel, layout_basic
D:2:      minmay_diamond_boxcup, layout_rooms
D:3:      layout_rooms, pdpol_wu_jian_five_deadly_venoms,
          nemelex_xobeh_ov_fountains_minmay, serial_curves, eino_curves_02,
          eino_curves_03, eino_curves_03, eino_curves_02

Skill      XL: |  1  2  3  4 |
---------------+-------------+-----
Conjurations   | 2 3 |  3.2
Spellcasting   | 5 |  5.9
Shields        | 1 2 |  2.3
Dodging        | |  2.4
Stealth        | |  2.4
Summonings     | |  1.1
Translocations | |  1.1

Action                   |  1- 3 |  4- 6 || total
-------------------------+-------+-------++-------
Melee: Short sword       |    14 |       ||    14
       Dagger            |       |     9 ||     9
 Cast: Magic Dart        |   113 |   152 ||   265
  Use: Scroll            |     6 |       ||     6
Armor: Robe              |     9 |    32 ||    41
Dodge: Dodged            |    24 |    48 ||    72
Block: Kite shield       |    10 |    42 ||    52
